 Dungeon Crawl Stone Soup version 0.19-a0-1886-gd64a0f0 (webtiles) character file.

747 dvd the Stinger (level 7, -1/43 HPs)
             Began as an Octopode Venom Mage on Oct 15, 2016.
             Was a Believer of Vehumet.
             Slain by a sky beast (3 damage)
             ... on level 5 of the Dungeon.
             The game lasted 00:14:29 (5266 turns).

dvd the Stinger (Octopode Venom Mage)               Turns: 5266, Time: 00:14:30

Health: -1/43      AC:  1    Str:  7    XL:     7   Next: 77%
Magic:  8/13       EV: 14    Int: 24    God:    Vehumet [**....]
Gold:   166        SH:  0    Dex: 13    Spells: 4 memorised, 7 levels left

rFire  + . .     SeeInvis .     i - +1 rapier (elec)
rCold  + . .     Gourm    .     (no shield)
rNeg   . . .     Faith    .     (helmet restricted)
rPois  +         Spirit   .     (no amulet)
rElec  +         Dismiss  .     m - ring of flight
rCorr  +         Reflect  .     (no ring)
MR     .....     Harm     .     (no ring)
Stlth  +++.......               (no ring)
                                (no ring)
                                (no ring)
                                (no ring)
                                (no ring)

@: brilliant, resistant, flying, very slightly contaminated, drained
A: almost no armour, stealthy swim, amphibious, 8 rings, constrict 8, camouflage
1, gelatinous body 1
a: Renounce Religion


You were on level 5 of the Dungeon.
You worshipped Vehumet.
Vehumet was pleased with you.
You were hungry.

You visited 1 branch of the dungeon, and saw 5 of its levels.

You collected 166 gold pieces.

Inventory:

Hand Weapons
 a - a +1 dagger
 i - a +1 rapier of electrocution (weapon)
Missiles
 u - 5 javelins (quivered)
Armour
 n - a +0 shield
Jewellery
 m - a ring of flight (left tentacle)
Wands
 k - a wand of slowing (30/48)
 p - a wand of confusion (37/48)
 s - a wand of random effects (19/48)
Scrolls
 c - a scroll of recharging {unknown}
 j - 4 scrolls of identify
 r - 2 scrolls of blinking {unknown}
 t - a scroll of fog {unknown}
Potions
 d - a potion of flight
 e - a potion of curing {unknown}
 f - a potion of mutation {unknown}
 g - a potion of lignification {unknown}
 v - a potion of resistance
Books
 h - a Young Poisoner's Handbook

   Spells                             Type                      Level
   a - Sting                          Conjuration/Poison           1
   b - Mephitic Cloud                 Conjuration/Poison/Air       3
   c - Olgreb's Toxic Radiance        Poison                       4
   d - Alistair's Intoxication        Transmutation/Poison         5
   e - Venom Bolt                     Conjuration/Poison           5
 q - a book of Changes

   Spells                             Type                      Level
   a - Beastly Appendage              Transmutation                1
   b - Sticks to Snakes               Transmutation                2
   c - Spider Form                    Transmutation/Poison         3
   d - Ice Form                       Ice/Transmutation            4
   e - Blade Hands                    Transmutation                5
Comestibles
 b - 4 bread rations
 l - 3 meat rations


   Skills:
 + Level 1.3(0.6) Fighting
 + Level 2.6(1.9) Short Blades
   Level 1.3(0.6) Axes
 + Level 3.0(2.4) Dodging
 + Level 3.5(2.9) Stealth
 + Level 4.3(3.7) Spellcasting
 + Level 2.3(1.6) Conjurations
 + Level 1.0(0.3) Fire Magic
 + Level 7.1(6.3) Poison Magic


You had 7 spell levels left.
You knew the following spells:

 Your Spells              Type           Power        Failure   Level  Hunger
a - Sting                 Conj/Pois      ####         1%          1    None
b - Olgreb's Toxic Radia  Pois           #####...     1%          4    ####...
c - Flame Tongue          Conj/Fire      ###..        1%          1    None
d - Shock                 Conj/Air       ###.         1%          1    None


Dungeon Overview and Level Annotations

Branches:
Dungeon (5/15)
 Temple: D:4-7

Altars:
Dithmenos
Fedhas
Qazlal
Sif Muna
Vehumet
Xom

Shops:
D:4 :


Innate Abilities, Weirdness & Mutations

You cannot wear most types of armour.
You are very stealthy in the water. (Stealth+)
You are amphibious.
You can wear up to eight rings at the same time.
You can use your tentacles to constrict eight enemies at once.
Your skin changes colour to match your surroundings (Stealth+).
Your rubbery body absorbs attacks. (AC +1, EV +1)


Message History

The sting hits something.
Something hits you.
* * * LOW HITPOINT WARNING * * *
Something shocks you. You resist.
* * * LOW HITPOINT WARNING * * *
Unknown command.
Casting: Sting
Confirm with . or Enter, or press ? or * to list all spells.
Aiming: Sting
Press: ? - help, Shift-Dir - straight line Something hits you.
* * * LOW HITPOINT WARNING * * *
Something shocks you. You resist.
* * * LOW HITPOINT WARNING * * *
Unknown command.
It was a potion of brilliance.
You feel clever all of a sudden.
You feel sick.
You are no longer poisoned.
Something hits you.
You die...

#.# #.# #.# #.#
######(######
###...........#
............#.##########
............#..{@.......
###.####.#####.#########
#.# #.# #.. ###.####.#
.... .....(..... .#≈..P
##########§._....._ ..
#^..PPP ### ....P.P#


There were no monsters in sight!

Vanquished Creatures
  Menkaure (D:4)
  2 sky beasts (D:5)
  An ogre (D:4)
  2 hounds
  A bullfrog skeleton (D:2)
  An orc wizard (D:3)
  An iguana (D:3)
  3 worker ants
  3 adders
  An ooze (D:1)
  2 adder skeletons (D:4)
  3 worms (D:2)
  4 leopard geckos
  10 orcs
  3 ball pythons
  8 bats
  4 giant cockroaches
  10 goblins
  10 hobgoblins
  7 jackals
  4 kobolds
  A quokka (D:3)
  6 frilled lizards
  A jackal skeleton (D:4)
  A quokka zombie (D:5)
  6 rats
  A butterfly (D:2)
97 creatures vanquished.

Notes
Turn   | Place    | Note
-------+----------+-------------------------------------------
     0 | D:1      | dvd the Octopode Venom Mage began the quest for the Orb.
     0 | D:1      | Reached XP level 1. HP: 11/11 MP: 3/3
   119 | D:1      | Reached skill level 5 in Poison Magic
   638 | D:1      | Reached XP level 2. HP: 17/17 MP: 1/5
  1380 | D:2      | Reached XP level 3. HP: 21/21 MP: 6/6
  1460 | D:2      | Found a radiant altar of Vehumet.
  1472 | D:2      | Became a worshipper of Vehumet
  1889 | D:2      | Found a shadowy altar of Dithmenos.
  1980 | D:2      | Found a shimmering altar of Xom.
  2049 | D:2      | Reached XP level 4. HP: 26/27 MP: 0/7
  2060 | D:2      | Learned a level 4 spell: Olgreb's Toxic Radiance
  2409 | D:2      | Reached skill level 1 in Conjurations
  2494 | D:2      | Reached skill level 1 in Axes
  2646 | D:3      | Reached * piety under Vehumet
  2646 | D:3      | Offered knowledge of Flame Tongue by Vehumet.
  2652 | D:3      | Learned a level 1 spell: Flame Tongue
  2868 | D:3      | Reached XP level 5. HP: 22/32 MP: 1/9
  3444 | D:3      | Reached skill level 1 in Short Blades
  3449 | D:3      | Reached skill level 1 in Fighting
  3672 | D:3      | Found a deep blue altar of Sif Muna.
  3852 | D:4      | Noticed Menkaure
  3867 | D:4      | Killed Menkaure
  3867 | D:4      | Reached skill level 1 in Fire Magic
  3867 | D:4      | Reached skill level 6 in Poison Magic
  3867 | D:4      | Reached XP level 6. HP: 18/38 MP: 0/11
  4427 | D:4      | Found Xyptodd's Book Emporium.
  4589 | D:4      | Reached XP level 7. HP: 43/43 MP: 5/12
  4779 | D:5      | Entered Level 5 of the Dungeon
  4784 | D:5      | Offered knowledge of Shock by Vehumet.
  4848 | D:5      | Reached ** piety under Vehumet
  4966 | D:5      | Reached skill level 7 in Poison Magic
  5056 | D:5      | Learned a level 1 spell: Shock
  5253 | D:5      | Found a blossoming altar of Fedhas.
  5257 | D:5      | Found a stormy altar of Qazlal.
  5266 | D:5      | HP: 2/43 [poisoned by a worker ant]
  5266 | D:5      | Slain by a sky beast

Vault maps used:
D:1:      doesnt_arrival_goblin_jail
D:2:      minmay_wonky_spiral, vehumet_crystals, lemuel_crystal_altar,
          xom_butterflies
D:3:      lemuel_crystal_altar, first_bread
D:4:      serial_shops, kennysheep_little_box, uniq_menkaure
D:5:      grunt_temple_overflow_forces_of_nature, kennysheep_mini_moat,
          chequers_ossuary_entry_cave

Skill      XL: |  1  2  3  4  5  6  7 |
---------------+----------------------+-----
Poison Magic   | 5 6 7 |  7.1
Stealth        | 3 |  3.5
Conjurations   | 1 2 |  2.3
Axes           | 1 |  1.3
Spellcasting   | 3 4 |  4.3
Short Blades   | 1 2 |  2.6
Fighting       | 1 |  1.3
Fire Magic     | 1 |  1.0
Dodging        | 3 |  3.0

Action                   |  1- 3 |  4- 6 |  7- 9 || total
-------------------------+-------+-------+-------++-------
Melee: Unarmed           |    15 |       |       ||    15
       Constrict         |    14 |    13 |     5 ||    32
       Hand axe          |    42 |     4 |       ||    46
       Tentacles         |     7 |     6 |     1 ||    14
       Dagger            |       |    12 |       ||    12
       Rapier            |       |    21 |    18 ||    39
 Cast: Sting             |    43 |    39 |    11 ||    93
       Olgreb's Toxic Ra |       |    10 |     5 ||    15
       Flame Tongue      |       |    10 |     7 ||    17
  Use: Scroll            |     1 |     5 |       ||     6
       Potion            |       |     1 |     4 ||     5
 Stab: Sleeping          |    13 |       |     1 ||    14
  Eat: Chunk             |     4 |    10 |     2 ||    16
Armor: Skin              |     4 |     1 |     4 ||     9
Dodge: Dodged            |    33 |    28 |    27 ||    88
